 Dungeon Crawl Stone Soup version 0.31.0-9-g3a7656b989 (webtiles) character file.

Game seed: 12266449448179598176

1500 Gottschkopf the Thaumaturge (level 8, 0/41 HPs)
             Began as a Deep Elf Conjurer on Jan 29, 2024.
             Was a Follower of Ru.
             Killed by divine providence
             ... invoked by an orc priest
              (17 damage)
             ... on level 5 of the Dungeon.
             The game lasted 00:14:52 (5258 turns).

Gottschkopf the Thaumaturge (Deep Elf Conjurer)     Turns: 5258, Time: 00:14:52

Health: 0/41       AC:  0    Str:  4    XL:     8   Next: 52%
Magic:  10/22      EV: 14    Int: 26    God:    Ru [*.....]
Gold:   270        SH:  5    Dex: 13    Spells: 7/23 levels left

rFire   . . .        o - +0 dagger (venom)
rCold   . . .        (no shield)
rNeg    . . .        a - +0 robe
rPois   .            m - +0 helmet
rElec   .            (no cloak)
rCorr   .            k - +0 pair of gloves
SInv    .            A - +0 pair of boots
Will    +....        B - amulet of reflection
Stlth   +++          v - ring of willpower
HPRegen 0.26/turn    (no ring)
MPRegen 0.18/turn

%: reflection
@: no status effects
A: reduced AC 1
a: Renounce Religion


You were on level 5 of the Dungeon.
You worshipped Ru.
Ru was aware of your devotion.
You visited 1 branch of the dungeon, and saw 5 of its levels.

You collected 270 gold pieces.

Inventory:

Hand Weapons
 n - a +1 falchion of holy wrath
 o - a +0 dagger of venom (weapon)
Missiles
 y - 3 boomerangs
Armour
 a - a +0 robe (worn)
 k - a +0 pair of gloves (worn)
 m - a +0 helmet (worn)
 z - a +2 leather armour of poison resistance
 A - a +0 pair of boots (worn)
Magical Staves
 q - a staff of air
Jewellery
 v - a ring of willpower (left hand)
 B - an amulet of reflection (around neck)
Scrolls
 e - a scroll of summoning {unknown}
 h - a scroll of poison {unknown}
 i - a scroll of amnesia
 l - a scroll of silence {unknown}
 p - 4 scrolls of identify {unknown}
 r - a scroll of vulnerability {unknown}
 t - 2 scrolls of blinking {unknown}
 u - a scroll of torment {unknown}
 w - a scroll of noise {unknown}
 x - a scroll of teleportation {unknown}
Potions
 b - a potion of magic
 c - 2 potions of mutation {unknown}
 d - a potion of cancellation {unknown}
 f - a potion of haste {unknown}
 g - 2 potions of lignification {unknown}
 j - 2 potions of curing {unknown}
 s - a potion of resistance {unknown}


   Skills:
 * Level 6.6 Dodging
 + Level 5.5 Stealth
 * Level 8.4 Spellcasting
 * Level 7.9 Conjurations


You had 7 spell levels left.
You knew the following spells:

 Your Spells              Type           Power      Damage    Failure   Level
a - Magic Dart            Conj           100%       1d8       1%          1
b - Searing Ray           Conj           100%       2d8       1%          2
c - Fulminant Prism       Conj/Alch      15%        3d10      11%         4
d - Iskenderun's Mystic   Conj/Tloc      31%        2d8       11%         4
e - Hailstorm             Conj/Ice       31%        3d8       3%          3
f - Blink                 Tloc           20%        N/A       9%          2

Your spell library contained the following spells:

 Spells                   Type           Power      Damage    Failure   Level
 Freeze                   Ice            40%        1d6       5%          1
 Call Imp                 Summ           20%        N/A       9%          2
 Frozen Ramparts          Ice            20%        1d4       16%         3


Dungeon Overview and Level Annotations

Branches:
Dungeon (5/15)
 Temple: D:4-7

Altars:
Fedhas
Gozag
Ru
Xom
Zin

Shops:
D:2 *


Innate Abilities, Weirdness & Mutations

You take slightly more damage. (AC -5)


Message History

Confirm with . or Enter, or press ? or * to list all spells.
The magic dart hits the orc priest.
The orc priest is almost dead.
The orc priest invokes the aid of Beogh against you.
Beogh smites you!
An orc comes into view. It is wielding a +0 mace.
The orc shouts!
Unknown command.
Casting: Magic Dart (safe; 1% risk of failure)
Confirm with . or Enter, or press ? or * to list all spells.
The magic dart hits the orc priest but does no damage.
The orc priest is almost dead.
Casting: Magic Dart (safe; 1% risk of failure)
Confirm with . or Enter, or press ? or * to list all spells.
The magic dart hits the orc priest but does no damage.
The orc priest is almost dead.
The orc priest calls down the wrath of Beogh upon you.
You easily resist.
Casting: Magic Dart (safe; 1% risk of failure)
Confirm with . or Enter, or press ? or * to list all spells.
The magic dart hits the orc priest but does no damage.
The orc priest is almost dead.
Casting: Magic Dart (safe; 1% risk of failure)
Confirm with . or Enter, or press ? or * to list all spells.
The magic dart hits the orc priest but does no damage.
The orc priest is almost dead.
The orc priest hits you with a +0 hand axe!
You are too injured to fight recklessly!
Casting: Magic Dart (safe; 1% risk of failure)
Confirm with . or Enter, or press ? or * to list all spells.
Aiming: Fulminant Prism (quite dangerous; 11% risk of failure)
Press: ? - help, Dir - move target, p - orc priest You conjure a prism of explosive energy!
The orc priest shouts!
A fulminant prism comes into view.
The orc priest closely misses you.
The orc priest hits your fulminant prism with a +0 hand axe.
The orc priest mumbles some strange prayers to Beogh against you.
Beogh smites you!
You die...

. #.. ###.... ###.*....#
##.@oo.o..o ##
#####..######## .#
#......#..### .#
####.##.#......### .#
#.......#.#......#
.######.#..#..#.#'#.)..).#
...#......##....#.###.....
#.........†.....#...# #...
............#...###..*# #.


You could see 2 orc priests, 2 orcs and a friendly fulminant prism.

Vanquished Creatures
  A hornet (D:5)
  2 water moccasins
  Duvessa (D:4)
  A black bear (D:4)
  2 ogres
  A scorpion (D:5)
  Dowan (D:4)
  3 bombardier beetles
  A jelly (D:4)
  An orc priest (D:4)
  A gnoll bouda (D:5)
  3 iguanas (D:5)
  Terence (D:2)
  2 orc wizards
  2 sleepcaps
  Robin (D:2)
  3 gnolls
  12 adders
  3 dart slugs
  A ribbon worm (D:4)
  2 orcs
  2 ball pythons (D:1)
  5 endoplasms
  5 giant cockroaches
  14 goblins
  2 hobgoblins
  2 jackals (D:1)
  10 kobolds
  5 quokkas
  5 bats
  A frilled lizard (D:1)
  6 rats
102 creatures vanquished.

Vanquished Creatures (others)
  12 fulminant prisms
12 creatures vanquished.

Grand Total: 114 creatures vanquished

Notes
Turn   | Place    | Note
-------+----------+-------------------------------------------
     0 | D:1      | Gottschkopf the Deep Elf Conjurer began the quest for the
                  | Orb.
     0 | D:1      | Reached XP level 1. HP: 10/10 MP: 6/6
   200 | D:1      | Reached XP level 2. HP: 15/15 MP: 6/8
   803 | D:1      | Reached skill level 4 in Spellcasting
   910 | D:1      | Reached skill level 5 in Conjurations
   921 | D:1      | Reached XP level 3. HP: 19/19 MP: 8/10
  1259 | D:2      | Found Haavvopi's General Store.
  1277 | D:2      | Learned a level 2 spell: Searing Ray
  1422 | D:2      | Reached XP level 4. HP: 24/24 MP: 10/12
  1565 | D:2      | Noticed Terence
  1573 | D:2      | Killed Terence
  1574 | D:2      | Reached skill level 5 in Spellcasting
  1579 | D:2      | Learned a level 4 spell: Fulminant Prism
  1911 | D:2      | Noticed Robin
  1921 | D:2      | Killed Robin
  1922 | D:2      | Reached XP level 5. HP: 28/28 MP: 7/14
  2586 | D:2      | Learned a level 4 spell: Iskenderun's Mystic Blast
  2717 | D:3      | Found an opulent altar of Gozag.
  2834 | D:3      | Found a shimmering altar of Xom.
  3043 | D:3      | Found a blossoming altar of Fedhas.
  3268 | D:4      | Noticed an ogre
  3285 | D:4      | Killed an ogre
  3286 | D:4      | Reached skill level 6 in Spellcasting
  3286 | D:4      | Reached XP level 6. HP: 25/32 MP: 7/17
  3436 | D:4      | Found a sacrificial altar of Ru.
  3444 | D:4      | Became a worshipper of Ru the Awakened
  3755 | D:4      | Noticed a water moccasin
  3760 | D:4      | Killed a water moccasin
  3785 | D:4      | Reached XP level 7. HP: 36/36 MP: 4/18
  3929 | D:4      | Noticed Dowan
  3931 | D:4      | Noticed Duvessa
  3937 | D:4      | Killed Dowan
  3941 | D:4      | Killed Duvessa
  4037 | D:4      | Learned a level 3 spell: Hailstorm
  4194 | D:4      | Reached skill level 5 in Dodging
  4246 | D:4      | Reached skill level 7 in Spellcasting
  4402 | D:4      | Found a glowing silver altar of Zin.
  4518 | D:5      | Entered Level 5 of the Dungeon
  4740 | D:5      | Reached XP level 8. HP: 29/41 MP: 9/21
  4822 | D:5      | Noticed a hornet
  4829 | D:5      | Killed a hornet
  4830 | D:5      | Reached skill level 5 in Stealth
  4952 | D:5      | Reached skill level 8 in Spellcasting
  5078 | D:5      | Learned a level 2 spell: Blink
  5103 | D:5      | Gained mutation: You take slightly more damage. (AC -5) [Ru
                  | sacrifice]
  5103 | D:5      | Reached * piety under Ru
  5248 | D:5      | Identified the +0 chain mail of the Ageless Loafs {Harm
                  | Dex+4}
  5258 | D:5      | Killed from afar by an orc priest

Illustrated notes

Levels and vault maps discovered:
D:1:      dpeg_arrival_round_c, layout_basic
D:2:      layout_basic, serial_shops, nicolae_shop_tiny_glass, hex_tiny,
          chequers_jeans, skrybe_limestone_x, serial_bayou_crossing, uniq_robin,
          uniq_terence
D:3:      layout_rooms, fedhas_altar_fruit_tree,
          nicolae_gozag_cash_rules_everything_around_me,
          nicolae_overflow_crystal_walls
D:4:      layout_cave_pods, mainiacjoe_overflow_small_starburst, zin_academy,
          grunt_ministairs_7, st_stairs_13, uniq_duvessa
D:5:      minmay_razor_zed, layout_rooms, mainiacjoe_overflow_swirl,
          minmay_temple_entry_gardened_gates, kennysheep_small_square

Skill      XL: |  1  2  3  4  5  6  7  8 |
---------------+-------------------------+-----
Spellcasting   | 4 5 6 7 8 |  8.4
Conjurations   | 5 6 7 |  7.9
Stealth        | 3 4 5 |  5.5
Dodging        | 4 5 6 |  6.6

Action                     |  1- 3 |  4- 6 |  7- 9 || total
---------------------------+-------+-------+-------++-------
  Melee: Dagger            |       |     1 |     9 ||    10
   Cast: Magic Dart        |    52 |   117 |    63 ||   232
         Searing Ray       |       |     4 |    11 ||    15
         Fulminant Prism   |       |     3 |    10 ||    13
         Iskenderun's Myst |       |       |     1 ||     1
 Invoke: Sacrifice Health  |       |       |     1 ||     1
    Use: Scroll            |       |     1 |       ||     1
   Stab: Sleeping          |       |     1 |       ||     1
 Armour: Robe              |     1 |    13 |    11 ||    25
  Dodge: Dodged            |     4 |     8 |    20 ||    32
  Block: Other             |       |       |     1 ||     1
